 Dungeon Crawl Stone Soup version 0.24.1-14-gf8d2b509d9 (webtiles) character file.

Game seed: 3640900653363170933, levelgen mode: deterministic

3383 sahdkjhfkaj the Thaumaturge (level 9, -1/45 HPs)
             Began as a Deep Elf Fire Elementalist on Mar 20, 2021.
             Was an Initiate of Vehumet.
             Slain by Joseph
             ... wielding a +0 quarterstaff
              (14 damage)
             ... on level 7 of the Dungeon.
             The game lasted 00:11:15 (11504 turns).

sahdkjhfkaj the Thaumaturge (DEFE)                 Turns: 11504, Time: 00:11:15

Health: -1/45      AC: 11    Str:  8    XL:     9   Next: 74%
Magic:  1/24       EV: 13    Int: 27    God:    Vehumet [......]
Gold:   389        SH:  0    Dex: 15    Spells: 9/27 levels left

rFire    + . .     SeeInvis +   a - +5 trident "Turaese" {drain, Int+3}
rCold    + . .     Gourm    .   (no shield)
rNeg     . . .     Faith    .   C - +0 robe
rPois    .         Spirit   .   F - +1 helmet
rElec    .         Reflect  .   y - +0 cloak of the Cockatrice {*Corrode rF+ rC+ MR++}
rCorr    .         Harm     .   d - +2 pair of gloves
MR       ++...                  z - +2 pair of boots
Stlth    ++........             (no amulet)
HPRegen  0.15/turn              p - ring of see invisible
MPRegen  0.19/turn              B - +3 ring of strength

@: no status effects
A: no striking features
a: Renounce Religion


You were on level 7 of the Dungeon.
You worshipped Vehumet.
Vehumet was noncommittal.
You were near starving.

You visited 2 branches of the dungeon, and saw 8 of its levels.
You also visited: Ossuary.

You collected 389 gold pieces.

Inventory:

Hand Weapons
 a - the +5 trident "Turaese" (weapon) {drain, Int+3}
   (You found it on level 5 of the Dungeon)

   A truly terrible weapon, it drains the life of those it strikes.
   It affects your intelligence (+3).
Armour
 d - a +2 pair of gloves (worn)
 y - the +0 cloak of the Cockatrice (worn) {*Corrode rF+ rC+ MR++}
   (You found it on level 7 of the Dungeon)

   It protects you from fire.
   It protects you from cold.
   It affects your resistance to hostile enchantments.
   It may corrode you when you take damage.
 z - a +2 pair of boots (worn)
 C - a +0 robe (worn)
 F - a +1 helmet (worn)
Jewellery
 p - a ring of see invisible (left hand)
 s - an uncursed ring of ice
 B - a +3 ring of strength (right hand)
Wands
 u - a wand of flame (16)
 x - a wand of digging (9)
Scrolls
 b - 3 scrolls of fear
 e - 2 scrolls of blinking
 g - 5 scrolls of remove curse
 k - 2 scrolls of enchant armour
 o - a scroll of magic mapping
 q - 3 scrolls of amnesia
 v - 2 scrolls of teleportation
 D - a scroll of silence
 G - a scroll of vulnerability {unknown}
Potions
 f - 5 potions of might
 h - 4 potions of lignification
 j - 3 potions of mutation
 l - a potion of berserk rage {unknown}
 m - a potion of brilliance {unknown}
 n - a potion of curing
 r - 2 potions of agility
 t - 2 potions of haste
 w - 2 potions of ambrosia {unknown}
 A - 2 potions of magic
 E - a potion of heal wounds {unknown}
Comestibles
 c - 13 rations


   Skills:
 + Level 3.3 Dodging
 - Level 2.4 Stealth
 - Level 9.7 Spellcasting
 - Level 7.7 Conjurations
 - Level 6.2 Charms
 - Level 5.1 Necromancy
 - Level 8.4 Fire Magic


You had 9 spell levels left.
You knew the following spells:

 Your Spells              Type           Power        Failure   Level  Hunger
a - Flame Tongue          Conj/Fire      #####        1%          1    None
b - Throw Flame           Conj/Fire      ######       1%          2    None
c - Conjure Flame         Conj/Fire      ######..     1%          3    None
d - Sticky Flame          Conj/Fire      ######..     1%          4    None
e - Fireball              Conj/Fire      ######....   4%          5    ####...
f - Regeneration          Chrm/Necr      #####.....   1%          3    None

Your spell library contained the following spells:

 Spells                   Type           Power        Failure   Level  Hunger
 Infusion                 Chrm           ####         1%          1    None
 Magic Dart               Conj           ####         1%          1    None
 Shroud of Golubria       Chrm/Tloc      ####..       1%          2    None
 Song of Slaying          Chrm           #####...     1%          2    None
 Inner Flame              Hex/Fire       #####...     2%          3    None
 Spectral Weapon          Hex/Chrm       ####....     3%          3    None
 Mephitic Cloud           Conj/Pois/Air  ####....     4%          3    None
 Blink                    Tloc           N/A          7%          2    None
 Call Imp                 Summ           ##......     7%          2    None
 Slow                     Hex            ##......     7%          2    None


Dungeon Overview and Level Annotations

Branches:
Dungeon (7/15)             Temple (1/1) D:7         Ossuary (visited)

Altars:
Ashenzari
Cheibriados
Dithmenos
Elyvilon
Fedhas
Gozag
Hepliaklqana
Kikubaaqudgha
Makhleb
Nemelex Xobeh
Okawaru
Qazlal
Ru
Sif Muna
Trog
Uskayaw
Vehumet
Xom
Yredelemnul
Zin
The Shining One

Annotations:
D:7 Joseph


Message History

Aiming: Fireball (safe; 4% risk of failure)
Press: ? - help, Shift-Dir - straight line The fireball explodes!
The fireball engulfs Joseph!
Joseph is severely wounded.
You hear an angry hiss.
Joseph burns!
Joseph hits you with a +0 quarterstaff!
Unknown command.
Casting: Fireball (safe; 4% risk of failure)
Confirm with . or Enter, or press ? or * to list all spells.
Aiming: Flame Tongue (safe; 1% risk of failure)
Press: ? - help, Shift-Dir - straight line, f - Joseph
Aim: Joseph, wielding a +0 quarterstaff and wearing a +0 ring mail (almost dead, covered in liquid flames)
The flame tongue misses Joseph.
Joseph burns!
Joseph hits you with a +0 quarterstaff!
* * * LOW HITPOINT WARNING * * *
Okay, then.
Drop what? 33/52 slots (_ for help) (? for menu, Esc to quit)
You drop 2 potions of degeneration.
Joseph burns!
Joseph hits you with a +0 quarterstaff!
You die...

.# #### #.### #.. ....
#.# ... ########.####
..# #...........# ..#
#.#......##.####..##..#
#.#.####......(@@.....#
#.#.# #..#.#.###......
##.#.####..#.#?# ##...
................ #
...........#.#...
...........#.#.###
..#..###...#.#.# ..#..#
#........ ..#.... ...
#.#


You could see Joseph (burning).

Vanquished Creatures
  Prince Ribbit (D:5)
  Eustachio (D:5)
  A black bear (D:7)
  3 ice beasts (D:6)
  A phantom (D:7)
  4 ogres
  2 centaurs (D:6)
  2 bullfrogs
  A scorpion (D:5)
  3 wights (D:6)
  5 killer bees
  A howler monkey (D:5)
  4 crimson imps
  3 jellies
  2 quasits (D:7)
  A bullfrog zombie (Ossuary)
  3 centaur zombies (Ossuary)
  2 centaur skeletons
  A gnoll shaman (D:7)
  3 orc priests
  2 bullfrog skeletons
  15 mummies (Ossuary)
  2 iguanas
  4 orc wizards
  5 worker ants
  A killer bee zombie (Ossuary)
  2 hound zombies
  A howler monkey zombie (Ossuary)
  A worker ant zombie (Ossuary)
  6 gnolls (D:7)
  6 adders
  2 shadow imps
  An ooze (D:1)
  3 adder zombies
  4 worms
  4 dart slugs
  3 leopard geckos
  20 orcs
  2 ball pythons
  2 giant cockroaches
  3 hobgoblins
  7 jackals
  3 quokkas
  A ball python zombie (Ossuary)
  7 bats
  9 frilled lizards
  A giant cockroach zombie (Ossuary)
  7 goblins
  7 kobolds
  A leopard gecko skeleton (D:5)
  A quokka skeleton (D:7)
  5 rats
182 creatures vanquished.

Notes
Turn   | Place    | Note
-------+----------+-------------------------------------------
     0 | D:1      | sahdkjhfkaj the Deep Elf Fire Elementalist began the quest
                  | for the Orb.
     0 | D:1      | Reached XP level 1. HP: 10/10 MP: 6/6
   152 | D:1      | Reached XP level 2. HP: 6/15 MP: 0/8
  1020 | D:1      | Reached XP level 3. HP: 19/19 MP: 6/10
  1135 | D:1      | Learned a level 2 spell: Throw Flame
  1139 | D:1      | Learned a level 3 spell: Conjure Flame
  1526 | D:2      | Reached skill level 4 in Spellcasting
  1852 | D:2      | Reached XP level 4. HP: 24/24 MP: 6/12
  2115 | D:2      | Learned a level 4 spell: Sticky Flame
  3129 | D:3      | Reached XP level 5. HP: 28/28 MP: 8/14
  3615 | D:3      | HP: 1/28 [orc wizard/magic dart (6)]
  3925 | D:3      | Reached skill level 5 in Spellcasting
  4942 | D:4      | Reached skill level 5 in Fire Magic
  5033 | D:4      | Noticed an ogre
  5038 | D:4      | Killed an ogre
  5038 | D:4      | Reached XP level 6. HP: 32/32 MP: 4/16
  5557 | D:4      | Reached skill level 6 in Spellcasting
  5954 | D:5      | Entered Level 5 of the Dungeon
  6084 | D:5      | Reached XP level 7. HP: 11/36 MP: 10/18
  6584 | D:5      | Reached skill level 5 in Conjurations
  6650 | D:5      | Got an iridescent trident
  6652 | D:5      | Identified the +5 trident "Turaese" {drain, Int+3} (You
                  | found it on level 5 of the Dungeon)
  6788 | D:5      | Noticed Prince Ribbit
  6817 | D:5      | Killed Prince Ribbit
  6817 | D:5      | Reached skill level 7 in Spellcasting
  6933 | D:5      | Noticed Eustachio
  6938 | D:5      | Killed Eustachio
  6982 | D:5      | Reached XP level 8. HP: 41/41 MP: 9/21
  7453 | D:6      | Learned a level 5 spell: Fireball
  7528 | D:6      | Found a sand-covered staircase.
  7547 | D:6      | Reached skill level 8 in Spellcasting
  7747 | Ossuary  | Entered an ossuary
  8330 | Ossuary  | Reached skill level 9 in Spellcasting
  8949 | D:6      | Reached XP level 9. HP: 45/45 MP: 11/24
  9132 | D:6      | Found a burning altar of Makhleb.
  9618 | D:6      | Learned a level 3 spell: Regeneration
  9645 | D:6      | Reached skill level 1 in Charms
  9645 | D:6      | Reached skill level 1 in Necromancy
 10374 | D:7      | Reached skill level 5 in Charms
 10625 | D:7      | Got a crude cloak
 10630 | D:7      | Identified the +0 cloak of the Cockatrice {*Corrode rF+ rC+
                  | MR++} (You found it on level 7 of the Dungeon)
 10637 | D:7      | Found a staircase to the Ecumenical Temple.
 10658 | Temple   | Entered the Ecumenical Temple
 10948 | Temple   | Became a worshipper of Vehumet
 11097 | D:7      | Reached skill level 5 in Necromancy
 11495 | D:7      | Noticed Joseph
 11504 | D:7      | Slain by Joseph

Levels and vault maps discovered:
D:1:      lightli_arrival_statue_moat, layout_basic, minmay_misc_feat_nine_boxes
D:2:      layout_basic
D:3:      layout_loops_ring, serial_forest, infiniplex_forest_clump_medium,
          infiniplex_forest_clump_small, infiniplex_forest_lined_2,
          infiniplex_forest_straight_2, infiniplex_forest_straight_3,
          infiniplex_forest_clump_curved, infiniplex_forest_end_2,
          infiniplex_forest_straight_4, infiniplex_forest_end_1,
          infiniplex_forest_end_1
D:4:      layout_layer_cave, first_ration
D:5:      layout_basic, uniq_eustachio, uniq_prince_ribbit1
D:6:      layout_loops_corners, nicolae_ossuary_entry_monument, bloody_makhleb
D:7:      layout_basic, minmay_temple_entry_large_hall, uniq_joseph
Temple:   minmay_crystal_snake_temple

Skill      XL: |  1  2  3  4  5  6  7  8  9 |
---------------+----------------------------+-----
Conjurations   | 2 3 4 5 7 |  7.7
Fire Magic     | 4 5 6 8 |  8.4
Spellcasting   | 4 5 6 7 9 |  9.7
Charms         | 6 |  6.2
Necromancy     | 5 |  5.1
Dodging        | 3 |  3.3
Stealth        | |  2.4

Action                   |  1- 3 |  4- 6 |  7- 9 || total
-------------------------+-------+-------+-------++-------
Melee: Unarmed           |     2 |       |       ||     2
       Dagger            |       |       |    29 ||    29
       Trident           |       |       |    72 ||    72
 Cast: Flame Tongue      |    43 |       |    12 ||    55
       Throw Flame       |    25 |   102 |   247 ||   374
       Conjure Flame     |       |     5 |     7 ||    12
       Fireball          |       |       |     2 ||     2
       Sticky Flame      |       |       |     1 ||     1
Evoke: Wand              |       |       |     2 ||     2
  Use: Potion            |       |     3 |     1 ||     4
       Scroll            |       |       |    14 ||    14
  Eat: Chunk             |     3 |     9 |     9 ||    21
       Ration            |       |     1 |     2 ||     3
Armor: Robe              |     8 |     1 |    63 ||    72
Dodge: Dodged            |    23 |    10 |   106 ||   139
